← All builds
Geo / Armada / Economy first / OBSERVED BUILD

Standard geo

Armada Geo build order · Supreme Isthmus

Economy-first Geo that rushes geothermal power and T2 constructor, then builds T2 units (mostly Starlight) to send to front while also supplying constructors and rez bots to allies.

Usually blows up the commander for T2 (67%)

#eco #t2 #team support · 837 distinct matches · 118 players · 57% of Armada Geo games · team won 54% of 943 · Recently observed

HOW TO PLAY IT

Key timing: Geothermal Powerplant by 3:26

  1. Open mex and wind, start bot lab immediately.
  2. Finish bot lab and begin feeding army and cons.
  3. Finish geothermal plant to fund the T2 push.
  4. Push T2 constructor, then advanced geothermal by 7:15.
  5. Bring first Starlight to front, switch into T2 con supply for allies.

Phase by phase

TYPICAL OF ITS 837 GAMES
  1. 1
  2. 2
  3. 3
  4. 4
PLAY THE OPENING

Follow the example game's first 6:00 step by step: what to build now, what comes next, and where it goes. At 1× it keeps pace with your own game.

  1. 1

    Up to the Bot Lab

    Economy
    • Metal Extractor2Mex
    • Wind Turbine4Wind
    Order
    1. Bot LabBot Lab after 2 mex, 4 winddone ~1:09, middle half 0:58–1:21

    By 0:52 in all: 2 mex · 4 wind

    The example game in this phase · 3 steps
    1. Mex ×2
    2. Wind ×4
    3. Bot LabBot Labdone 0:59 · typical 1:09
  2. 2

    Bot Lab to 5:00

    Economy
    • Metal Extractor2Mex
    • Wind Turbine3Wind
    • Energy Converter8Converter
    • Energy Storage1Energy storage
    Order
    1. Geothermal PowerplantGeo after 4 mex, 5 wind, 1 energy storage
    2. Bot LabEat Bot Lab
    Builders
    • Construction Turret5 Con turret
    • Lazarus4 Lazarus
    • Construction Bot2 Con bot
    • Construction Bot1 Con bot for allies
    • Lazarus1 Lazarus for allies

    By 5:00 in all: 4 mex · 7 wind · 1 geo · 8 converter · 1 energy storage · 5 con turret

    The example game in this phase · 27 steps
    1. Wind
    2. LazarusLazarus ×3
    3. Energy storage
    4. LazarusLazarusfor Beach sea
    5. Construction BotCon botfor Beach sea
    6. Construction BotCon bot ×2
    7. LazarusLazarus
    8. Mex
    9. Converter ×2
    10. Mex
    11. PawnPawn
    12. Converter
    13. Geothermal PowerplantGeodone 3:28 · typical 3:27
    14. Bot LabEat Bot Labreclaimed for its metal
    15. Con turret
    16. Converter
    17. Con turret ×3
    18. Converter
    19. Con turret ×2
    20. Converter ×2
    21. Con turret
    22. Wind
    23. Advanced Metal ExtractorT2 mexdone 4:53 · typical 5:35
    24. Wind
    25. Advanced Metal ExtractorT2 mex
    26. Converter
    27. Wind ×2
  3. 3

    5:00 to Vehicle Plant

    Order
    1. Advanced Geothermal PowerplantAdvanced Geothermal Powerplant after 8 wind, 10 converter, 6 con turretin 59% of games
    2. Vehicle PlantVehicle Plant after 10 wind, 10 converter, 6 con turretdone ~7:07, middle half 6:41–7:34
    Builders
    • Construction Turret1 Con turret

    Some games also: converter (50%) · wind (47%)

    By 6:59 in all: 4 mex · 10 wind · 1 geo · 1 Advanced Geothermal Powerplant · 10 converter · 1 energy storage

    The example game in this phase · 13 steps
    1. Con turret
    2. Wind
    3. Advanced Metal ExtractorT2 mex
    4. PrudePrudedone 6:44
    5. Converter
    6. Wind
    7. Converter ×2
    8. Advanced Metal ExtractorT2 mex
    9. Wind ×2
    10. Converter
    11. Wind
    12. Converter
    13. Vehicle PlantVehicle Plantdone 6:47 · typical 7:07
  4. 4

    Vehicle Plant to 10:00

    Economy
    • Wind Turbine6Wind
    • Energy Converter4Converter
    Order
    1. Advanced Vehicle PlantAdvanced Vehicle Plant after 11 wind, 12 converter, 7 con turret
    2. Vehicle PlantEat Vehicle Plant
    Builders
    • Construction Vehicle1 Con vehicle
    • Advanced Construction Vehicle1 T2 con vehicle for allies
    Army
    • Starlight2 Starlight
    • Umbra1 Jammer
    • Prophet1 Radar vehicle

    Some games also: con turret (50%) · Jaguar (32%) · Radar Tower (30%)

    By 10:00 in all: 4 mex · 21 wind · 1 geo · 1 Advanced Geothermal Powerplant · 16 converter · 1 energy storage

    The example game in this phase · 77 steps
    1. Construction VehicleCon vehicle
    2. Wind
    3. Converter ×2
    4. Advanced Vehicle PlantAdvanced Vehicle Plantdone 7:26 · typical 8:04
    5. Vehicle PlantEat Vehicle Plantreclaimed for its metal
    6. Wind
    7. Energy storage
    8. Wind ×2
    9. Advanced Construction VehicleT2 con vehiclefor Suicide front
    10. Wind ×2
    11. Radar TowerRadar Tower
    12. Wind
    13. StarlightStarlightdone 8:01 · typical 9:03
    14. Wind ×3
    15. UmbraJammer
    16. Wind ×3
    17. ProphetRadar vehicle
    18. Wind ×2
    19. StarlightStarlight
    20. Wind ×3
    21. Converter
    22. Wind
    23. Converter
    24. StarlightStarlight
    25. Wind
    26. Converter
    27. Wind ×3
    28. Converter
    29. Wind
    30. Converter
    31. Wind
    32. JaguarJaguar
    33. Converter
    34. Wind
    35. JaguarJaguar
    36. Wind
    37. ShredderShredderdone 9:22
    38. Converter
    39. Wind
    40. ShredderShredder
    41. Wind
    42. ShredderShredder
    43. Wind ×2
    44. Vehicle PlantVehicle Plantdone 9:38
    45. Converter ×4
    46. Construction VehicleCon vehicle
    47. Advanced Vehicle PlantAdvanced Vehicle Plantdone 10:18
    48. Converter
    49. Vehicle PlantEat Vehicle Plantreclaimed for its metal
    50. SentrySentry ×3
    51. JaguarJaguar
    52. SentrySentry
    53. JaguarJaguar ×2
    54. SentrySentry
    55. JaguarJaguar ×2
    56. SentrySentry
    57. StarlightStarlight
    58. Advanced Construction VehicleT2 con vehicle
    59. StarlightStarlight ×2
    60. CitadelAnti-nukedone 12:30
    61. AmbassadorAmbassadordone 12:52
    62. TracerTracer
    63. AmbassadorAmbassador
    64. JaguarJaguar ×3
    65. Con turret
    66. JaguarJaguar ×3
    67. Wind
    68. JaguarJaguar ×2
    69. Wind
    70. JaguarJaguar
    71. Wind
    72. JaguarJaguar ×3
    73. Wind
    74. JaguarJaguar
    75. Fusion ReactorFusionnot finished by 15:00
    76. JaguarJaguar
    77. Wind

Counts are medians over the build's games: half of them build more, half fewer. The example game is Erilium's (46 OS, 06/10/2026); pick another.

Team trades

IN AT LEAST 30% OF ITS GAMES

You hand over

  • Lazarus1 Lazarus to Beach seafirst at 2:16 · in 78% of games
  • Construction Bot1 Con bot to Beach seafirst at 2:28 · in 88% of games
  • Advanced Construction Vehicle1 T2 con vehicle to Suicide front or Frontfirst at 8:47 · in 64% of games

You get

  • Hercules1 Light transport from Airfirst at 4:20 · in 32% of games
  • Advanced Construction Bot1 T2 con bot from Techfirst at 4:50 · in 94% of games

How it plays out

Typical game of this build, running totals by minute

Metal produced

020k40k
0:005:0010:0015:00

metal

Enemy metal destroyed

05k10k15k
0:005:0010:0015:00

metal

Own metal lost

02k4k6k
0:005:0010:0015:00

metal

943 games.

Show as table
ByMetal produced: This buildEnemy metal destroyed: This buildOwn metal lost: This build
1:0033300
2:0082500
3:00153100
4:00269400
5:00372000
6:00565500
7:00808700
8:0011491042
9:001451354130
10:0017431537260
11:00203831953660
12:002324939131810
13:002606559863205
14:002900183914570
15:0031746105055975
WHAT THE NUMBERS SAY

Standard Geo play, the only build here with a team win rate matching Front at 54%, and by far the heaviest metal producer at 17416 by 10:00.

  • + Metal produced hits 17416 by 10:00, well above every other role at that point.
  • + Starlight makes up 33% of the army composition, a strong T2 presence.
  • − Own metal lost jumps to 6061 by 15:00 after staying at 0 through 10:00, a late spike.
THE EXAMPLE YOU ARE READING

Erilium

46.2 OS · 06/10/2026

Open source match ↗

6 received units · includes a constructor
2361 metal received · 322393 energy received

Allied construction assistance is unknown. Timings are observations, not a promise of solo reproducibility.

Typical milestones

Bot Lab1:09Middle 50%: 0:58–1:21 · n=942
Geothermal Powerplant3:27Middle 50%: 3:11–3:44 · n=940
Advanced Metal Extractor5:35Middle 50%: 5:19–5:58 · n=937
Vehicle Plant7:07Middle 50%: 6:41–7:34 · n=905
Advanced Geothermal Powerplant7:09Middle 50%: 6:50–7:38 · n=674
Advanced Vehicle Plant8:04Middle 50%: 7:40–8:39 · n=865
Starlight9:03Middle 50%: 8:32–9:47 · n=763

Played most by

0neTw0108games of this buildzeus_on_god107games of this buildXad54games of this buildViltrum49games of this buildDamsko43games of this build